 Dungeon Crawl Stone Soup version 0.16-a0-2930-gdd371d7 (webtiles) character file.

38 RobertPalmer the Charlatan (level 3, 0/17 HPs)
             Began as a Vine Stalker Artificer on Dec 3, 2014.
             Succumbed to an adder's poison
             ... on level 2 of the Dungeon.
             The game lasted 00:02:12 (1183 turns).

RobertPalmer the Charlatan (Vine Stalker Artificer) Turns: 1183, Time: 00:02:12

Health: 0/17       AC:  3    Str: 13    XL:     3   Next: 43%
Magic:  4/6        EV: 11    Int: 13    God:
Gold:   0          SH:  0    Dex: 14    Spells: 0 memorised, 2 levels left

rFire  . . .     SeeInvis .     a - +0 short sword
rCold  . . .     Clarity  .     e - +0 leather armour
rNeg   . . .     SustAb   .     (no shield)
rPois  .         Gourm    .     (no helmet)
rElec  .         Spirit   +     (no cloak)
rCorr  .         Warding  .     (no gloves)
rMut   .         Stasis   .     (no boots)
MR     .....                    (no amulet)
Stlth  ++........               (no ring)
                                (no ring)

@: lethally poisoned, not resistant to hostile enchantments, unstealthy
A: fangs 2, regeneration 1, magic shield, antimagic bite, no device heal 3, rot
immunity
a: no special abilities


You were on level 2 of the Dungeon.
You were not hungry.

You visited 1 branch of the dungeon, and saw 2 of its levels.


Innate Abilities, Weirdness & Mutations

You have extremely sharp teeth.
Your natural rate of healing is unusually fast.
When hurt, damage is shared between your health and your magic reserves.
Your bite disrupts and absorbs the magic of your enemies.
Potions and wands cannot restore your health.
You are immune to rotting.


   Skills:
 - Level 0.8 Fighting
 - Level 0.8 Short Blades
 - Level 1.5 Dodging
 - Level 1.2 Stealth
 + Level 4.2 Evocations


You had 2 spell levels left.
You didn't know any spells.

Inventory:

Hand weapons
 a - a +0 short sword (weapon)
Armour
 e - a +0 leather armour (worn)
Magical devices
 b - a wand of flame (15)
 c - a wand of enslavement (15)
 d - a wand of random effects (15)
Scrolls
 g - a scroll of magic mapping {unknown}
 h - a scroll of enchant armour {unknown}
 i - a scroll of amnesia {unknown}
 j - a scroll of enchant weapon {unknown}
Potions
 k - a potion of cure mutation {unknown}
 m - a potion of mutation {unknown}
Comestibles
 f - a bread ration

Dungeon Overview and Level Annotations

Branches:
Dungeon (2/15)

Altars:

#..## ###.##..
.# ##..# #># #
#...###...# #.#
#.......# #.#
####....## #.#
#.#.<<###### #..
#..........# #.#
#..........#
#.."f......#
#.......JS.....#
.###..........#
.............
#............>
.............
##.........
#........ ###


You could see an ooze and an adder.


Message History

The adder is severely wounded.
You feel sick. The adder bites you.
* * * LOW HITPOINT WARNING * * *
The ooze barely misses you.
Unknown command.
Drink which item? (? for menu, Esc to quit)
It was a potion of curing.
You feel better. The adder closely misses you. The ooze hits you.
* * * LOW HITPOINT WARNING * * *
The adder bites you.
* * * LOW HITPOINT WARNING * * *
You are poisoned.
The adder poisons you!
Drink which item? (? for menu, Esc to quit)
Okay, then.
You barely miss the adder.
The adder is severely wounded.
* * * LOW HITPOINT WARNING * * *
You feel sick. The adder barely misses you. The ooze hits you.
* * * LOW HITPOINT WARNING * * *
Unknown command.
You closely miss the adder.
The adder is severely wounded.
The adder closely misses you. The ooze hits you but does no damage.
The adder bites you but does no damage.
Unknown command.
You completely miss the adder. You bite the adder. You drain its power.
You feel invigorated.
The adder is almost dead.
You die...

Action                   || total
-------------------------++-------
Melee: Short sword       ||   103
  Use: Potion            ||     1
  Eat: Chunk             ||     1

Vault maps used:
D:1:      dpeg_arrival_three_bigger_balls
D:2:      nicolae_overflow_crystal_walls, kennysheep_generic_room_12,
          uniq_terence

Notes
Turn   | Place    | Note
--------------------------------------------------------------
     0 | D:1      | RobertPalmer, the Vine Stalker Artificer, began the quest for the Orb.
     0 | D:1      | Reached XP level 1. HP: 9/9 MP: 1/1
   111 | D:1      | Reached skill level 3 in Evocations
   305 | D:1      | Reached XP level 2. HP: 14/14 MP: 4/4
  1053 | D:2      | Reached XP level 3. HP: 10/17 MP: 3/5
  1056 | D:2      | Noticed Terence
  1117 | D:2      | Killed Terence
  1117 | D:2      | Reached skill level 4 in Evocations
  1181 | D:2      | HP: 1/17 [ooze (1)]
  1183 | D:2      | Succumbed to an adder's poison

Vanquished Creatures
  Terence (D:2)
  A giant gecko (D:1)
  An ooze (D:1)
  2 bats (D:1)
  2 giant cockroaches (D:1)
  A goblin (D:1)
  4 hobgoblins
  6 kobolds (D:1)
  A quokka (D:2)
  2 rats (D:1)
21 creatures vanquished.
